Cogmind - Beta 15 @@@ ROGUE MODE // 2025.08.03 @ 15:19:18 Player: IAMTRASHMAN Result: Destroyed by S-27 Virus with Autogun Performance ------------- Evolutions (4) 2000 Regions Visited (12) 2400 Robots Destroyed (225) 1125 Value Destroyed (7968) 7968 Prototype IDs (7) 140 Alien Tech Used (0) 0 Bonus (5126) 5126 TOTAL SCORE: 18759 Bonus ------- High Alert Combat Kills 1094 Follower Combat Kills 94 Entered Garrisons 1000 Used RIF Installer 3000 Friendly Fire -62 Cogmind --------- Core Integrity 0/850 Matter 278/300 Energy 18/100 System Corruption 2% Temperature Cool (0) Movement Core (200) Ox3 Location -6/Garrison Parts ------- > --- POWER (1) -------- (None) > --- PROPULSION (6) --- (None) > --- UTILITY (6) ------ Quantum Capacitor Hacking Suite Advanced Hacking Suite > --- WEAPON (2) ------- Phase Gun > --- INVENTORY (5) ---- Advanced Terrain Scanner Advanced Terrain Scan Processor Relay Coupler [Heavy] (26) Heavy Plasma Cannon Remote Datajack Peak State ------------ > --- POWER ------------ Neutrino Core > --- PROPULSION ------- Carbon-fiber Leg Flexi-carbon Leg Flexi-carbon Leg Flexi-carbon Leg Flexi-carbon Leg Shield Leg > --- UTILITY ---------- Large Storage Unit Quantum Capacitor Improved Transmission Jammer Hacking Suite Advanced Hacking Suite > --- WEAPON ----------- Phase Gun Heavy Missile Launcher > --- INVENTORY -------- Light Antimatter Reactor High-capacity Battery Advanced Terrain Scanner Advanced Terrain Scan Processor Relay Coupler [NC] Relay Coupler [NC] Relay Coupler [Swarmer] Relay Coupler [Sentry] Relay Coupler [Heavy] Dynamic Insulation System Heavy Plasma Cannon Cooled Plasma Cannon Proton Missile Launcher Heavy Missile Launcher Remote Datajack [Rating: 82] Favorites ----------- Power Neutrino Core Engine Light Deuterium Engine Power Core Neutrino Core Reactor Light Antimatter Reactor Propulsion Light Treads Treads Light Treads Leg Aluminum Leg Wheel Wheel Hover Unit Airjet Flight Unit Improved Cesium-ion Thruster Utility Large Storage Unit Device Improved Transmission Jammer Storage Large Storage Unit Processor Transport Network Coupler Hackware Hacking Suite Protection Improved Weapon Shielding Weapon Assault Cannon Energy Gun Medium Laser Energy Cannon Cooled Particle Cannon Ballistic Gun Light Assault Rifle Ballistic Cannon Assault Cannon Launcher Heavy Missile Launcher Special Weapon Remote Datajack Build | -11 -10 -9 -8 -8 -7 -7 -7 -7 -6 -6 -6 -6 ------- Run | Yrd Mat Mat Mat Gar Fac Gar Fac Gar Fac Gar Fac Gar Slots Evolved 8 | . . 2 2 . 2 . . . 2 . . . Power . | . . . . . . . . . . . . . Propulsion 4 | . . 2 1 . 1 . . . . . . . Utility 4 | . . . 1 . 1 . . . 2 . . . Weapon . | . . . . . . . . . . . . . Parts Attached 143 | 7 6 19 6 15 22 5 9 20 6 14 3 11 Power 14 | 1 2 2 1 1 2 . 1 1 1 . . 2 Engine 5 | 1 1 2 . 1 . . . . . . . . Core 8 | . 1 . 1 . 2 . 1 1 1 . . 1 Reactor 1 | . . . . . . . . . . . . 1 Propulsion 59 | 2 2 8 3 7 12 3 3 6 1 7 . 5 Treads 19 | 2 2 8 2 2 1 . 1 1 . . . . Leg 20 | . . . . 5 1 . . 5 . 7 . 2 Wheel 5 | . . . . . 3 2 . . . . . . Hover 14 | . . . 1 . 6 1 2 . 1 . . 3 Flight 1 | . . . . . 1 . . . . . . . Utility 37 | 2 2 5 2 2 4 . 2 6 3 4 3 2 Device 18 | 1 . . 1 1 1 . 1 2 3 4 2 2 Storage 4 | 1 1 1 . . . . 1 . . . . . Processor 2 | . . . . . . . . 1 . . 1 . Hackware 3 | . . . . . 2 . . 1 . . . . Protection 10 | . 1 4 1 1 1 . . 2 . . . . Artifact . | . . . . . . . . . . . . . Weapon 33 | 2 . 4 . 5 4 2 3 7 1 3 . 2 Energy Gun 7 | 1 . 2 . . 1 1 . 1 . 1 . . Energy Cannon 5 | . . . . . 2 . . . 1 1 . 1 Ballistic Gun 4 | 1 . . . . . . . 2 . 1 . . Ballistic Cannon 9 | . . 2 . 2 . . 2 2 . . . 1 Launcher 7 | . . . . 3 1 1 . 2 . . . . Special Weapon 1 | . . . . . . . 1 . . . . . Impact Weapon . | . . . . . . . . . . . . . Slashing Weapon . | . . . . . . . . . . . . . Piercing Weapon . | . . . . . . . . . . . . . Special Melee Weapon . | . . . . . . . . . . . . . Unidentified Prototypes 4 | . . . . . 3 . . . 1 . . . Corrupted Parts 6 | . . . . 3 . . . 3 . . . . System Corruption 45 | . . . . 30 . . . 15 . . . . Parts Lost 58 | . 3 . 1 9 7 3 2 8 2 5 1 17 Power 8 | . 2 . . 1 1 . . 1 . . . 3 Propulsion 35 | . . . 1 4 6 2 2 5 1 3 . 11 Utility 6 | . 1 . . 1 . . . . 1 2 . 1 Weapon 9 | . . . . 3 . 1 . 2 . . 1 2 Highest Loss Streak 8 | . 1 . 1 7 3 2 1 5 1 4 1 8 To Critical Strikes . | . . . . . . . . . . . . . Average Backups 12 | 1 6 14 14 14 13 14 15 15 14 14 15 13 Power . | . 1 1 1 . . . . . . . 1 . Propulsion 1 | . . 3 4 4 1 . . . . . . . Utility 6 | . 2 5 5 5 5 8 10 11 8 9 9 10 Weapon 3 | . 2 4 4 3 5 4 3 3 4 4 4 2 Tool/Special . | . . . . . . . . . . . . . Unused Backups 26 | . . 5 1 . . 5 2 . 2 . . 11 Power 1 | . . 1 . . . . . . . . . . Propulsion . | . . . . . . . . . . . . . Utility 16 | . . . . . . 4 1 . 1 . . 10 Weapon 8 | . . 4 1 . . 1 1 . 1 . . . Tool/Special 1 | . . . . . . . . . . . . 1 Average Slot Usage (%) 88 | . 90 99 97 84 86 90 95 79 98 94 92 65 Engine 4 | . 5 11 3 6 6 6 . . . . . . Core 2 | . . . 5 1 . . 7 6 5 6 6 1 Treads 13 | . 27 43 41 17 7 6 1 3 6 . . . Leg 14 | . . . . 22 12 . . 14 28 35 40 14 Wheel 2 | . . . . . 2 20 16 5 . . . . Hover 4 | . . . . . 11 8 23 4 3 . . 3 Device 6 | . 9 . 4 3 7 2 5 4 12 16 12 12 Storage 8 | . 14 11 9 9 7 7 7 7 6 6 6 6 Hackware 7 | . . . . . 7 15 15 15 13 13 13 13 Protection 5 | . 4 11 13 6 6 4 1 1 5 . . . Energy Gun 2 | . 14 2 . . 3 . . 4 . . . . Energy Cannon 3 | . . . . . 7 14 1 . 5 9 5 5 Ballistic Gun 1 | . 14 . . . . . . 1 6 . . . Ballistic Cannon 6 | . . 19 18 15 3 . 6 4 . . . . Launcher 1 | . . . . 2 . . . 1 . 2 6 1 Peak Build Rating 82 | 9 11 20 26 25 48 42 45 54 64 82 82 80 Average Rating 34 | 8 7 17 23 20 34 37 42 43 61 70 81 57 On Entrance 36 | . 9 8 18 25 23 34 42 42 54 62 82 76 Naked Turns . | . . . . . . . . . . . . . Heaviest Build 57 | 12 19 37 47 48 47 48 45 53 54 57 55 57 Greatest Support 120 | 40 40 80 102 82 50 44 41 74 74 120 80 65 Greatest Overweight (x) 16 | . 3 . . 9 13 2 2 15 . . . 16 Average Overweight (x) . | . . . . . . 1 . 1 . . . 1 Largest Inventory Capacity 15 | 8 10 15 15 15 15 15 15 15 15 15 15 15 Average Capacity 13 | 7 8 14 15 15 15 15 15 15 15 15 15 14 Most Carried 15 | 2 10 15 15 15 15 15 15 15 15 15 15 15 Average Carried 12 | 1 6 14 14 14 13 14 14 14 14 14 15 13 Final Capacity 15 | 8 10 15 15 15 15 15 15 15 15 15 15 5 Final Carried 15 | 2 10 15 15 15 15 15 15 15 15 15 15 5 Class Distribution -------------------- 35% | Mutant 31% | Bothacker-Mutant 30% | Scavenger-Mutant Dominant Class ---------------- Mutant | -10/Materials Mutant | -9/Materials Mutant | -8/Materials Scavenger-Mutant | -8/Garrison Scavenger-Mutant | -7/Factory Scavenger-Mutant | -7/Garrison Scavenger-Mutant | -7/Factory Bothacker-Mutant | -7/Garrison Bothacker-Mutant | -6/Factory Bothacker-Mutant | -6/Garrison Bothacker-Mutant | -6/Factory Bothacker-Mutant | -6/Garrison Resources | -11 -10 -9 -8 -8 -7 -7 -7 -7 -6 -6 -6 -6 ----------- Run | Yrd Mat Mat Mat Gar Fac Gar Fac Gar Fac Gar Fac Gar Matter Collected 5289 | 309 88 694 566 675 504 155 114 1012 397 325 269 181 Remotely . | . . . . . . . . . . . . . Salvage Created 7534 | 301 449 679 420 487 866 689 337 1035 349 750 391 781 Parts 403 | 28 24 55 25 34 53 28 19 48 16 29 10 34 Haulers Intercepted 6 | . . 1 1 . 2 . 1 . . . 1 . Recyclers Shooed 4 | 1 1 . . . . . . . 1 . 1 . Parts Field Recycled . | . . . . . . . . . . . . . Retrieved Matter . | . . . . . . . . . . . . . Parts Self-Destructed . | . . . . . . . . . . . . . Prevented . | . . . . . . . . . . . . . Kills | -11 -10 -9 -8 -8 -7 -7 -7 -7 -6 -6 -6 -6 ------- Run | Yrd Mat Mat Mat Gar Fac Gar Fac Gar Fac Gar Fac Gar Combat Hostiles Destroyed 162 | . 8 18 10 18 11 13 1 21 12 21 4 25 Melee 1 | . . . 1 . . . . . . . . . Guns 14 | . 7 . . . . . . 3 3 . . 1 Cannons 87 | . . 18 9 10 8 10 1 4 3 9 4 11 AOE 55 | . 1 . . 8 1 3 . 13 6 12 . 11 Classes Destroyed 18 | 3 3 5 1 3 . 1 . 1 . 1 . . Worker 15 | 4 1 3 1 . 4 . 2 . . . . . Builder 12 | . . 6 3 . 3 . . . . . . . Tunneler 11 | 9 . 1 . . . . . . 1 . . . Hauler 6 | . . 1 1 . 2 . 1 . . . 1 . Recycler 8 | 1 1 . . . 2 . 3 . . . 1 . Mechanic 2 | . 1 . . . . . 1 . . . . . Operator 3 | . . 2 1 . . . . . . . . . Watcher 6 | . 2 1 . . 1 . 2 . . . . . Swarmer 42 | . . 6 . 6 . 7 . . 7 3 . 13 Cutter 2 | . . . . 2 . . . . . . . . Saboteur 3 | . . . . . . . . . . 3 . . Grunt 70 | . 8 8 7 5 4 1 . 12 3 11 3 8 Brawler 2 | . . . . . . 1 . 1 . . . . Duelist 2 | . . . . . . . . 1 . 1 . . Sentry 16 | . . 4 2 3 1 . . 3 1 . . 2 Specialist 6 | . . . . 1 . . . 2 . 3 . . Hunter 4 | . . . 1 . 3 . . . . . . . Programmer 14 | . . . . 1 2 4 1 2 1 . 1 2 Thug 1 | . . . . . 1 . . . . . . . Best Kill Streak 8 | 6 4 8 3 5 4 4 4 3 5 8 5 6 Combat Bots Only 8 | . 2 4 3 5 2 4 1 3 4 8 4 6 Max Kills in Single Turn 3 | 1 3 2 1 3 3 3 3 2 3 3 1 2 Gunslinging . | . . . . . . . . . . . . . Exploded 3 | . 1 . . 3 1 3 . 2 3 3 . 2 Melee 1 | . . . 1 . . . . . . . . . Uniques/NPCs Destroyed . | . . . . . . . . . . . . . Combat | -11 -10 -9 -8 -8 -7 -7 -7 -7 -6 -6 -6 -6 -------- Run | Yrd Mat Mat Mat Gar Fac Gar Fac Gar Fac Gar Fac Gar Hostile Shots Fired 1024 | . 58 79 82 109 78 41 20 187 110 80 33 147 Missed 312 | . 14 25 22 34 35 5 9 53 42 19 8 46 Deflected 1 | . . . . . . . . . . . . 1 Hits 712 | . 44 54 60 75 43 36 11 134 68 61 25 101 Melee 15 | . . . . 8 . 2 . 2 . 3 . . Projectile 697 | . 44 54 60 67 43 34 11 132 68 58 25 101 Critical Strikes 29 | . 1 2 3 8 5 1 . . 1 6 1 1 Actively Blocked 2 | . . 1 1 . . . . . . . . . Damage Taken 10392 | . 643 559 925 1218 658 611 198 1495 804 1161 474 1646 Core 1794 | . 168 57 98 182 78 61 41 257 152 200 58 442 Absorbed by Shields 161 | . . . . 14 . . . . 112 35 . . Redirected to Shielding 226 | . . 117 92 17 . . . . . . . . Regen/Repaired (Parts) 200 | . . . . . . . . . 61 . 139 . Core Remaining (%) 60 | 100 32 85 . 49 . . . 37 . . . . Volleys Fired 691 | 39 45 61 53 61 82 52 30 67 37 46 42 76 Largest 2 | 2 2 2 2 2 2 2 2 2 2 2 1 1 Hottest 180 | 70 70 74 74 74 180 120 67 112 140 140 105 90 Shots Fired 1091 | 78 90 122 105 99 142 87 33 84 63 70 42 76 Gun 246 | 78 90 . . . 26 . . 11 27 9 . 5 Cannon 778 | . . 122 105 83 115 86 33 56 32 45 40 61 Launcher 67 | . . . . 16 1 1 . 17 4 16 2 10 Special . | . . . . . . . . . . . . . Kinetic 526 | 39 46 122 105 83 7 . 30 58 27 9 . . Thermal 463 | 39 44 . . . 108 86 3 . 32 45 40 66 Explosive 38 | . . . . 1 1 1 . 4 4 16 2 9 Electromagnetic 64 | . . . . 15 26 . . 22 . . . 1 Robot Hit Streak 20 | 5 8 6 9 7 13 20 5 11 9 7 10 5 Robot Miss Streak 10 | 3 5 4 5 3 5 4 3 3 2 4 2 10 Penetration Max 1 | . . . . . . . . 1 1 . . . Secondary Targets 1 | . 1 . . . . . . . . . . . Max Gunslinging Chain 1 | . 1 . . . . . . . . . . . Capacitor 93 | . . . . . . . . . . . 30 63 Shots Hit Robots 563 | 39 50 58 57 37 74 51 18 50 39 33 20 37 Core Hits 319 | 21 23 29 24 24 28 23 8 37 17 38 12 35 Critical Kills 5 | . 1 . . . . . . . . . 2 2 Critical Parts Destroyed . | . . . . . . . . . . . . . Critical Strikes 23 | 2 3 4 3 . . . 1 4 . . 2 4 Burn 6 | 2 2 . . . . . . . . . . 2 Meltdown 4 | . . . . . . . . . . . 2 2 Destroy 1 | . 1 . . . . . . . . . . . Blast 12 | . . 4 3 . . . 1 4 . . . . Melee Attacks . | . . . . . . . . . . . . . Impact . | . . . . . . . . . . . . . Slashing . | . . . . . . . . . . . . . Piercing . | . . . . . . . . . . . . . Sneak Attacks . | . . . . . . . . . . . . . Combat Hostiles . | . . . . . . . . . . . . . Follow-up Attacks . | . . . . . . . . . . . . . Damage Inflicted 21359 | 410 789 1508 1433 1522 2425 2124 888 2320 2036 2567 1044 2293 Guns 2066 | 410 529 . . . 276 . . 225 500 50 . 76 Cannons 12366 | . . 1487 1378 902 1789 1807 565 1034 648 888 851 1017 Explosions 6785 | . 259 . . 620 334 317 323 1060 853 1629 191 1199 Melee . | . . . . . . . . . . . . . Ramming 142 | . 1 21 55 . 26 . . 1 35 . 2 1 Kinetic 6422 | 159 215 1487 1378 902 129 . 511 1091 500 50 . . Thermal 8697 | 251 573 . . 187 1811 1807 377 211 648 888 851 1093 Explosive 4661 | . . . . . 183 317 . 332 853 1629 191 1156 Electromagnetic 1437 | . . . . 433 276 . . 685 . . . 43 Impact . | . . . . . . . . . . . . . Slashing . | . . . . . . . . . . . . . Piercing . | . . . . . . . . . . . . . Highest Corruption 33 | . 3 . . 33 5 10 11 29 . . . 2 Average Corruption 14 | . 2 . . 26 2 5 10 19 . . . 1 Corruption Purged . | . . . . . . . . . . . . . Corruption Blocked . | . . . . . . . . . . . . . Effects 193 | . 8 . . 90 8 19 19 47 . . . 2 Message Errors 41 | . 1 . . 22 . 7 2 9 . . . . Matter Fused 40 | . . . . 20 1 1 5 13 . . . . Heat Flow Errors 30 | . 2 . . 14 . 5 3 6 . . . . Energy Discharges 26 | . 3 . . 9 6 1 1 6 . . . . Parts Rejected 2 | . . . . 2 . . . . . . . . Parts Fused 2 | . . . . 1 . . 1 . . . . . Data Loss (minor) 21 | . 1 . . 7 . 3 2 7 . . . 1 Data Loss (major) 7 | . . . . 5 . . 1 1 . . . . Misfires 8 | . 1 . . 3 1 1 1 1 . . . . Alerts 5 | . . . . . . . 1 3 . . . 1 Misdirections 1 | . . . . . . . 1 . . . . . Weapon Failures 10 | . . . . 7 . 1 1 1 . . . . Overload Shots 36 | . . . . . 10 15 . . 5 3 3 . Effects 1 | . . . . . . 1 . . . . . . Short Circuit 1 | . . . . . . 1 . . . . . . Overflow Damage 926 | . 39 66 36 58 162 180 182 7 47 29 70 50 Projectiles 543 | . . 66 36 10 119 179 20 . 1 16 70 26 Explosions 383 | . 39 . . 48 43 1 162 7 46 13 . 24 Melee . | . . . . . . . . . . . . . Knockbacks 42 | . . 9 12 9 . . 7 5 . . . . Impact . | . . . . . . . . . . . . . Kinetic 39 | . . 9 11 9 . . 5 5 . . . . Secondary 3 | . . . 1 . . . 2 . . . . . Self-Inflicted Damage 424 | . 57 . . 113 . 30 . 90 . . . 134 Shots 16 | . 1 . . 4 . 1 . 6 . . . 4 Rammed 13 | . 2 1 8 . . . . 1 . . . 1 Targets Rammed 24 | . 2 2 10 . 2 . . 1 4 . 2 1 Kicked 8 | . . . . . 2 . . . 4 . 2 . Crushed 3 | . . 1 2 . . . . . . . . . Highest Temperature 610 | 160 254 90 294 210 72 318 168 393 264 191 217 610 Average Temperature 85 | 44 73 19 96 53 29 112 61 139 76 72 77 172 Received Heat Transfer 3109 | . 345 183 495 246 231 36 45 435 224 398 225 246 Effects 17 | . . . 2 . . . . 4 . . . 11 Shutdowns 2 | . . . . . . . . . . . . 2 Energy Bleed 4 | . . . 1 . . . . 2 . . . 1 Interference 3 | . . . 1 . . . . . . . . 2 Matter Decay 1 | . . . . . . . . 1 . . . . Short Circuit 2 | . . . . . . . . 1 . . . 1 Damage (major) 4 | . . . . . . . . . . . . 4 Damage (core) 1 | . . . . . . . . . . . . 1 Siege Activations . | . . . . . . . . . . . . . Martial Activations . | . . . . . . . . . . . . . Shielding Activations 1 | . . . . . . . . . . . . 1 Total Turns 12 | . . . . . . . . . . . . 12 Longest Duration 12 | . . . . . . . . . . . . 12 Robots Disrupted . | . . . . . . . . . . . . . Combat Hostiles . | . . . . . . . . . . . . . Robots Corrupted 2 | . . . . . 1 . . 1 . . . . Combat Hostiles 2 | . . . . . 1 . . 1 . . . . Parts Fried 9 | . . . . 3 2 . . 4 . . . . Impact Corruptions 1 | . . . . . . . 1 . . . . . Robots Melted 5 | . . . . . 1 . . . . . 2 2 Combat Hostiles 3 | . . . . . 1 . . . . . . 2 Parts Melted 33 | 3 3 . . 1 8 6 . . 1 2 4 5 Heat Transferred 12608 | 888 1223 . . 250 2274 2030 274 250 940 1380 1290 1809 Parts Sabotaged . | . . . . . . . . . . . . . Parts Stolen . | . . . . . . . . . . . . . Parts Stripped . | . . . . . . . . . . . . . Power Chain Reactions 6 | . . . . 2 . . . 4 . . . . Alert | -11 -10 -9 -8 -8 -7 -7 -7 -7 -6 -6 -6 -6 ------- Run | Yrd Mat Mat Mat Gar Fac Gar Fac Gar Fac Gar Fac Gar Maximum Alert Level 3 | . . 1 . 3 2 3 1 3 2 3 2 3 Low Security (%) 30 | 100 100 55 100 4 13 . . . . . . . Level 1 25 | . . 44 . 19 61 13 100 13 18 . 64 15 Level 2 30 | . . . . 32 25 69 . 71 81 36 35 68 Level 3 13 | . . . . 43 . 16 . 15 . 63 . 15 Level 4 . | . . . . . . . . . . . . . Level 5 . | . . . . . . . . . . . . . High Security . | . . . . . . . . . . . . . Max Security . | . . . . . . . . . . . . . Peak Influence 960 | 15 132 282 183 960 504 722 378 728 579 878 466 802 Initial 504 | . . 3 116 114 504 303 378 204 382 405 460 238 Average 367 | . 66 162 119 610 304 576 331 533 438 707 387 612 Influence Increases 6021 | 70 313 606 406 956 568 449 172 604 503 523 177 674 Destroy 0b10 Robot/C 3360 | . 160 360 200 480 220 260 20 420 240 420 80 500 Destroy 0b10 Robot/NC 340 | 70 25 70 30 . 60 15 45 10 5 . 10 . Destroy Leader 504 | . 44 94 52 20 76 30 16 30 50 30 22 40 Allied During Kill 23 | . . . . 22 1 . . . . . . . Successful Hack 193 | . 12 6 9 8 60 10 11 . 16 18 33 10 Disable Machine 330 | . 30 45 30 . 60 30 45 . 75 . . 15 Anti-Garrison Action 400 | . . . . 350 . 50 . . . . . . Destroy Structure 616 | . 42 31 25 61 61 39 20 69 72 55 32 109 Lose Combat Pursuer 255 | . . . 60 15 30 15 15 75 45 . . . Influence Decreases 5279 | 70 305 338 506 172 1094 161 602 168 652 224 714 273 Entered New Map 2287 | . . 5 160 62 456 131 344 88 346 174 418 103 Time Decay 2382 | 70 275 333 326 . 568 . 238 . 286 . 286 . Lost Part 580 | . 30 . 10 90 70 30 20 80 20 50 10 170 Lost Ally 30 | . . . 10 20 . . . . . . . . Squads Dispatched 27 | . 1 3 3 . 10 . 3 . 4 . 3 . Investigation 8 | . . 1 1 . 2 . . . 2 . 2 . Extermination 6 | . . . . . 2 . 2 . 1 . 1 . Reinforcement 11 | . 1 2 1 . 5 . 1 . 1 . . . Assault . | . . . . . . . . . . . . . Garrison 2 | . . . 1 . 1 . . . . . . . Intercept . | . . . . . . . . . . . . . Searches Triggered . | . . . . . . . . . . . . . Construction Impeded 5 | . . 1 . . 2 . 1 . 1 . . . Haulers Reinforced 1 | . . . . . 1 . . . . . . . Active Scanning Responses . | . . . . . . . . . . . . . Cargo Convoy Interrupts . | . . . . . . . . . . . . . Stealth | -11 -10 -9 -8 -8 -7 -7 -7 -7 -6 -6 -6 -6 --------- Run | Yrd Mat Mat Mat Gar Fac Gar Fac Gar Fac Gar Fac Gar Distress Signals 3 | . 1 1 1 . . . . . . . . . Communications Jammed . | . . . . . . . . . . . . . Distress Signals . | . . . . . . . . . . . . . Times Spotted 204 | . 12 26 15 25 17 13 9 18 14 17 10 28 Peak Tracking Total 7 | . 3 5 4 6 4 4 4 5 3 6 3 7 Tactical Retreats 11 | . . . 2 1 1 1 1 3 2 . . . Traps | -11 -10 -9 -8 -8 -7 -7 -7 -7 -6 -6 -6 -6 ------- Run | Yrd Mat Mat Mat Gar Fac Gar Fac Gar Fac Gar Fac Gar Traps Triggered 18 | . 2 . 1 4 3 2 1 3 2 . . . Indirectly 3 | . . . . 3 . . . . . . . . Trap Hack Attempts . | . . . . . . . . . . . . . Triggered . | . . . . . . . . . . . . . Disarmed . | . . . . . . . . . . . . . Reprogrammed . | . . . . . . . . . . . . . Reused . | . . . . . . . . . . . . . Traps Extracted . | . . . . . . . . . . . . . Installed . | . . . . . . . . . . . . . Triggered . | . . . . . . . . . . . . . Machines | -11 -10 -9 -8 -8 -7 -7 -7 -7 -6 -6 -6 -6 ---------- Run | Yrd Mat Mat Mat Gar Fac Gar Fac Gar Fac Gar Fac Gar Machines Disabled 25 | . 2 3 2 2 4 3 3 . 5 . . 1 Max in Single Turn 3 | . 2 1 1 1 2 1 2 . 3 . . 1 Garrison Relay 3 | . . . . 2 . 1 . . . . . . Machines Repaired . | . . . . . . . . . . . . . Machines Dismantled . | . . . . . . . . . . . . . Machines Sabotaged . | . . . . . . . . . . . . . Overloaded Fab Kills . | . . . . . . . . . . . . . Hacking | -11 -10 -9 -8 -8 -7 -7 -7 -7 -6 -6 -6 -6 --------- Run | Yrd Mat Mat Mat Gar Fac Gar Fac Gar Fac Gar Fac Gar Machines Accessed 50 | . 5 2 7 2 9 2 6 2 4 2 6 3 Terminals 31 | . 5 2 5 2 3 2 1 2 . 2 4 3 Fabricators 3 | . . . . . 1 . 1 . 1 . . . Repair Stations 3 | . . . . . 1 . . . 1 . 1 . Recycling Units 7 | . . . 1 . 3 . 3 . . . . . Scanalyzers 1 | . . . . . . . . . 1 . . . Garrison Access 5 | . . . 1 . 1 . 1 . 1 . 1 . Total Hacks 109 | . 11 8 17 5 22 4 11 3 8 2 11 7 Successful 47 | . 4 1 6 1 9 2 8 2 5 2 5 2 Failed 62 | . 7 7 11 4 13 2 3 1 3 . 6 5 Catastrophic 8 | . 1 . 2 1 2 . . 1 . . . 1 Database Lockouts . | . . . . . . . . . . . . . Manual 43 | . 10 8 9 . 5 . 3 1 . . 4 3 Terminals 71 | . 11 8 12 5 10 4 2 3 . 2 7 7 Fabricators 6 | . . . . . 1 . 3 . 2 . . . Repair Stations 8 | . . . . . 2 . . . 3 . 3 . Recycling Units 15 | . . . 2 . 8 . 5 . . . . . Scanalyzers 2 | . . . . . . . . . 2 . . . Garrison Access 7 | . . . 3 . 1 . 1 . 1 . 1 . Terminal Hacks 20 | . 2 . 3 1 3 2 1 2 . 2 2 2 Record 1 | . . . 1 . . . . . . . . . Part Schematic 1 | . . . . . 1 . . . . . . . Prototype ID Bank 1 | . . . 1 . . . . . . . . . Open Door 1 | . . . . 1 . . . . . . . . Open DSF 1 | . . . . . . . . . . . 1 . Emergency Access Points 2 | . . . . . . 1 . 1 . . . . Terminal Index 1 | . . . . . 1 . . . . . . . Hauler Manifests 1 | . 1 . . . . . . . . . . . Zone Layout 5 | . 1 . 1 . 1 . 1 . . . 1 . Garrison Registry 4 | . . . . . . 1 . 1 . 1 . 1 Patrol Navigation 2 | . . . . . . . . . . 1 . 1 Fabricator Hacks 2 | . . . . . 1 . 1 . . . . . Network Status 2 | . . . . . 1 . 1 . . . . . Repair Station Hacks 3 | . . . . . . . . . 2 . 1 . Scan Component 2 | . . . . . . . . . 1 . 1 . Repair 1 | . . . . . . . . . 1 . . . Recycling Unit Hacks 8 | . . . 2 . 3 . 3 . . . . . Process 2 | . . . . . 2 . . . . . . . Report Inventory 4 | . . . 1 . . . 3 . . . . . Retrieve Matter 1 | . . . . . 1 . . . . . . . Retrieve Components 1 | . . . 1 . . . . . . . . . Scanalyzer 2 | . . . . . . . . . 2 . . . Insert Component 1 | . . . . . . . . . 1 . . . Analyze 1 | . . . . . . . . . 1 . . . Garrison Access Hacks 5 | . . . 1 . 1 . 1 . 1 . 1 . Unlock Access 5 | . . . 1 . 1 . 1 . 1 . 1 . Unauthorized Hacks 7 | . 2 1 . . 1 . 2 . . . 1 . Terminals 4 | . 2 1 . . 1 . . . . . . . Assimilate 2 | . 1 1 . . . . . . . . . . Botnet 1 | . . . . . 1 . . . . . . . Operators 1 | . 1 . . . . . . . . . . . Fabricators . | . . . . . . . . . . . . . Repair Stations 1 | . . . . . . . . . . . 1 . Patch 1 | . . . . . . . . . . . 1 . Recycling Units 2 | . . . . . . . 2 . . . . . Reject 1 | . . . . . . . 1 . . . . . Recyclers 1 | . . . . . . . 1 . . . . . Scanalyzers . | . . . . . . . . . . . . . Garrison Access . | . . . . . . . . . . . . . Data Cores Recovered 1 | . . . 1 . . . . . . . . . Used 1 | . . . 1 . . . . . . . . . Hacking Detections 43 | . 5 2 7 2 9 2 4 2 2 2 4 2 Full Trace Events 7 | . . 1 . 1 2 . . . 2 . 1 . Feedback Events 1 | . . . . 1 . . . . . . . . Corruption 1 | . . . . 1 . . . . . . . . Feedback Blocked . | . . . . . . . . . . . . . Robot Schematics Acquired . | . . . . . . . . . . . . . Robots Built . | . . . . . . . . . . . . . Authchips . | . . . . . . . . . . . . . Time . | . . . . . . . . . . . . . Total Robot Build Rating . | . . . . . . . . . . . . . Part Schematics Acquired 2 | . . . . . 1 . . . 1 . . . Parts Built . | . . . . . . . . . . . . . Authchips . | . . . . . . . . . . . . . Time . | . . . . . . . . . . . . . Total Part Build Rating . | . . . . . . . . . . . . . Parts Repaired 1 | . . . . . . . . . 1 . . . Time 28 | . . . . . . . . . 28 . . . Parts Recycled . | . . . . . . . . . . . . . Recycled Matter 6 | . . . . . 6 . . . . . . . Retrieved Matter . | . . . . . . . . . . . . . Retrieved Components 3 | . . . 3 . . . . . . . . . Parts Scanalyzed 1 | . . . . . . . . . 1 . . . Part Schematics Acquired 1 | . . . . . . . . . 1 . . . Parts Damaged 1 | . . . . . . . . . 1 . . . Bothacking | -11 -10 -9 -8 -8 -7 -7 -7 -7 -6 -6 -6 -6 ------------ Run | Yrd Mat Mat Mat Gar Fac Gar Fac Gar Fac Gar Fac Gar Used RIF Installer 6 | . . . . 1 . 1 . 1 . 2 . 1 Coupler Efficiency 1 | . . . . . . . . 1 . . . . Hotswap 1 | . . . . . . . . . . . . 1 Command Fork 1 | . . . . . . . . . . 1 . . Patrol Navigation 1 | . . . . . . . . . . 1 . . Structural Interface 1 | . . . . . . 1 . . . . . . Robots Hacked . | . . . . . . . . . . . . . Non-combat . | . . . . . . . . . . . . . Combat . | . . . . . . . . . . . . . Robot Hacks Applied . | . . . . . . . . . . . . . Relay Couplers Released 10 | . . . . 6 . 4 . . . . . . Machine Destruction 10 | . . . . 6 . 4 . . . . . . Fabnet Peak Effective % . | . . . . . . . . . . . . . Robots Rewired . | . . . . . . . . . . . . . Allies Hacked 1 | . . . . . 1 . . . . . . . Hacks Repelled . | . . . . . . . . . . . . . Allies | -11 -10 -9 -8 -8 -7 -7 -7 -7 -6 -6 -6 -6 -------- Run | Yrd Mat Mat Mat Gar Fac Gar Fac Gar Fac Gar Fac Gar Total Allies 3 | . . 1 . 2 . . . . . . . . Largest Group 2 | . . 1 1 2 1 . . . . . . . Highest-Rated Group 62 | . . 10 10 62 31 . . . . . . . Highest-Rated Ally 31 | . . 10 10 31 31 . . . . . . . Total Orders . | . . . . . . . . . . . . . Ally Attacks 34 | . . . . 28 6 . . . . . . . Total Damage 441 | . . . . 399 42 . . . . . . . Kills 6 | . . . . 6 . . . . . . . . Allies Corrupted . | . . . . . . . . . . . . . Allies Melted . | . . . . . . . . . . . . . Intel | -11 -10 -9 -8 -8 -7 -7 -7 -7 -6 -6 -6 -6 ------- Run | Yrd Mat Mat Mat Gar Fac Gar Fac Gar Fac Gar Fac Gar Active Infowar (turns) 4257 | 1283 457 . 395 . 131 164 . 325 289 648 464 101 Sensors 295 | . . . . . 131 164 . . . . . . Terrain 1740 | 1283 457 . . . . . . . . . . . Seismic 395 | . . . 395 . . . . . . . . . T.N.C. 2 | . . . . . . . . . . . 2 . Jamming 1825 | . . . . . . . . 325 289 648 462 101 Robot Analysis Total . | . . . . . . . . . . . . . Derelict Logs Recovered . | . . . . . . . . . . . . . Drone Launches . | . . . . . . . . . . . . . Drone Recoveries . | . . . . . . . . . . . . . Exploration | -11 -10 -9 -8 -8 -7 -7 -7 -7 -6 -6 -6 -6 ------------- Run | Yrd Mat Mat Mat Gar Fac Gar Fac Gar Fac Gar Fac Gar Turns Passed 12586 | 1525 709 993 735 1923 1718 565 504 1053 627 828 623 783 Spaces Moved 6797 | 260 351 469 344 1060 1098 365 500 665 381 521 433 350 Core 76 | 2 53 . . 8 5 . . 3 . . . 5 Treads 2401 | 258 298 469 344 904 126 . . 2 . . . . Legs 2404 | . . . . 148 322 . . 293 381 521 433 306 Wheels 1055 | . . . . . 175 365 148 367 . . . . Hover 861 | . . . . . 470 . 352 . . . . 39 Flight . | . . . . . . . . . . . . . Fastest Speed 44 | 50 150 160 156 120 44 98 55 95 120 120 125 126 Average Speed 135 | 159 158 160 157 157 128 105 82 122 120 120 125 180 Slowest Speed 850 | 160 200 160 160 500 700 110 118 800 120 125 125 850 Overloaded Moves . | . . . . . . . . . . . . . Propulsion Burnouts . | . . . . . . . . . . . . . Robots Hopped . | . . . . . . . . . . . . . Potential Cave-ins . | . . . . . . . . . . . . . Cave-ins Triggered . | . . . . . . . . . . . . . Exploration Rate (%) 35 | 13 56 29 34 80 27 37 17 50 10 47 9 50 Regions Visited 12 Branch Regions . Pre-discovered Areas . | . . . . . . . . . . . . . Known Exits Taken 5 | . . . 1 . 1 . 1 . 1 . 1 . Unknown Exits Taken 3 | 1 1 1 . . . . . . . . . . Scrap Searched . | . . . . . . . . . . . . . Spaces Dug 37 | . . 5 2 . 1 1 . . 3 . 9 16 Terrain Destroyed 521 | . 50 31 26 24 65 4 22 54 76 57 48 64 Melee . | . . . . . . . . . . . . . Projectile 138 | . . 31 26 . 14 3 3 9 24 11 16 1 AOE 383 | . 50 . . 24 51 1 19 45 52 46 32 63 Terrain Rammed . | . . . . . . . . . . . . . Walls Destroyed . | . . . . . . . . . . . . . Machines Disabled . | . . . . . . . . . . . . . Actions | -11 -10 -9 -8 -8 -7 -7 -7 -7 -6 -6 -6 -6 --------- Run | Yrd Mat Mat Mat Gar Fac Gar Fac Gar Fac Gar Fac Gar Total 9147 | 1298 423 598 425 1200 1266 460 561 813 484 643 498 478 Wait 1186 | 991 6 1 6 26 25 2 1 15 36 37 13 27 Move 6789 | 259 350 468 344 1058 1098 364 500 664 381 520 433 350 Hop . | . . . . . . . . . . . . . Pick Up 73 | 2 9 19 2 6 9 8 4 3 5 2 . 4 Fast Attach 116 | 7 4 6 3 11 16 4 11 20 8 15 4 7 Attach 23 | . 1 3 1 5 6 . . . 3 . . 4 Detach 18 | . 2 2 . 1 7 . 1 2 2 . 1 . Swap 65 | . 1 11 2 7 5 4 1 17 3 9 . 5 Drop 110 | . 3 25 4 3 15 8 13 13 5 14 3 4 Fire 691 | 39 45 61 53 61 82 52 30 67 37 46 42 76 Melee . | . . . . . . . . . . . . . Ram 2 | . 1 . . . . . . . . . . 1 Kick 8 | . . . . . 2 . . . 4 . 2 . Crush 14 | . 1 2 10 . . . . 1 . . . . Escape Stasis 48 | . . . . 22 . 16 . 10 . . . . Rewire 4 | . . . . . 1 2 . 1 . . . . Trap . | . . . . . . . . . . . . . Miscellaneous . | . . . . . . . . . . . . . Route ------- -11/Scrapyard -10/Materials (discovered 2 exits: *Mat / [*Min]) -9/Materials (discovered 3 exits: *Mat / [*Min x2]) -8/Materials (discovered 2 exits: [*Sto] / Gar) -8/Garrison (discovered 3 exits: *Fac x3) -7/Factory -7/Garrison (discovered 3 exits: *Fac x3) -7/Factory -7/Garrison (discovered 3 exits: *Fac x3) -6/Factory (discovered 2 exits: [*Low] / Gar) -6/Garrison (discovered 3 exits: *Fac x3) -6/Factory -6/Garrison (discovered 3 exits: [Fac x3]) History --------- Turn | Location | Event 32 | -11/Scrapyard | Discovered new exit (range 16) 1526 | -11/Scrapyard | Entered Materials 1527 | -10/Materials | Build established: Mutant 1664 | -10/Materials | Discovered new exit (range 15) 1688 | -10/Materials | Core integrity fell below 50% 2126 | -10/Materials | Derelicts attacked the area 2196 | -10/Materials | Discovered new exit (range 15) 2235 | -10/Materials | Entered another Materials area 2235 | -9/Materials | Evolved 2 slots: Propulsion x2 2237 | -9/Materials | Discovered new exit (range 8) 3038 | -9/Materials | Discovered new exit (range 16) 3189 | -9/Materials | Discovered new exit (range 15) 3228 | -9/Materials | Entered another Materials area 3228 | -8/Materials | Accompanied by 1 ally 3228 | -8/Materials | Evolved 2 slots: Propulsion x1, Utility x1 3386 | -8/Materials | Discovered new exit (range 10) 3947 | -8/Materials | Garrison activated, responded to threat 3963 | -8/Materials | Identified exit to Garrison 3963 | -8/Materials | Entered Garrison 4036 | -8/Garrison | Garrison Relay disabled 4042 | -8/Garrison | Garrison Relay disabled 4243 | -8/Garrison | Triggered checkpoint 4244 | -8/Garrison | Triggered checkpoint 4286 | -8/Garrison | Lost 7 parts (1p3n1u2w) 4336 | -8/Garrison | System corruption reached 10% 4368 | -8/Garrison | System corruption reached 30% 4467 | -8/Garrison | Triggered checkpoint 4532 | -8/Garrison | Discovered new exit (range 11) 4542 | -8/Garrison | Rescued a captive Derelict 4562 | -8/Garrison | Rescued a captive Derelict 4630 | -8/Garrison | Build established: Scavenger-Mutant 4655 | -8/Garrison | Triggered checkpoint 4729 | -8/Garrison | Triggered checkpoint 4825 | -8/Garrison | Discovered new exit (range 10) 4883 | -8/Garrison | Triggered checkpoint 5103 | -8/Garrison | Core integrity fell below 50% 5197 | -8/Garrison | Discovered new exit (range 14) 5633 | -8/Garrison | Attempted to access garrison exit controls, blocked by remote lockdown 5842 | -8/Garrison | Installed Relay Interface Framework 5886 | -8/Garrison | Entered Factory 5886 | -7/Factory | Accompanied by 1 ally 5886 | -7/Factory | Evolved 2 slots: Propulsion x1, Utility x1 6710 | -7/Factory | P-60 Hacker assimilated allied L1-XQB(g) 6901 | -7/Factory | Garrison activated, responded to threat 7360 | -7/Factory | Lost 3 parts (3n) 7604 | -7/Factory | Identified exit to Garrison 7604 | -7/Factory | Entered Garrison 7712 | -7/Garrison | Discovered new exit (range 91) 7712 | -7/Garrison | Discovered new exit (range 31) 7712 | -7/Garrison | Discovered new exit (range 64) 7720 | -7/Garrison | Triggered checkpoint 7732 | -7/Garrison | Garrison Relay disabled 7834 | -7/Garrison | Triggered checkpoint 7984 | -7/Garrison | Expanded RIF knowledge: Structural Interface 8107 | -7/Garrison | System corruption reached 10% 8169 | -7/Garrison | Entered Factory 8673 | -7/Factory | Identified exit to Garrison 8673 | -7/Factory | Entered Garrison 8964 | -7/Garrison | Build established: Bothacker-Mutant 9026 | -7/Garrison | Lost 5 parts (1p3n1w) 9179 | -7/Garrison | Triggered checkpoint 9277 | -7/Garrison | Triggered checkpoint 9281 | -7/Garrison | Core integrity fell below 50% 9327 | -7/Garrison | Discovered new exit (range 95) 9327 | -7/Garrison | Discovered new exit (range 50) 9327 | -7/Garrison | Discovered new exit (range 82) 9549 | -7/Garrison | Triggered checkpoint 9715 | -7/Garrison | Expanded RIF knowledge: Coupler Efficiency 9726 | -7/Garrison | Entered Factory 9726 | -6/Factory | Evolved 2 slots: Utility x2 9755 | -6/Factory | Discovered new exit (range 6) 9892 | -6/Factory | Repaired Neutrino Core 10353 | -6/Factory | Identified exit to Garrison 10353 | -6/Factory | Entered Garrison 10363 | -6/Garrison | Discovered new exit (range 67) 10363 | -6/Garrison | Discovered new exit (range 90) 10363 | -6/Garrison | Discovered new exit (range 63) 10504 | -6/Garrison | Expanded RIF knowledge: Command Fork 10508 | -6/Garrison | Lost 4 parts (2n2u) 10634 | -6/Garrison | Triggered checkpoint 10634 | -6/Garrison | Triggered checkpoint 10687 | -6/Garrison | Destroyed 8 combat bots 10813 | -6/Garrison | Expanded RIF knowledge: Patrol Navigation 10921 | -6/Garrison | Triggered checkpoint 11033 | -6/Garrison | Found Unknown Device 11033 | -6/Garrison | Identified Quantum Capacitor 11181 | -6/Garrison | Entered Factory 11430 | -6/Factory | Identified exit to DSF 11804 | -6/Factory | Identified exit to Garrison 11804 | -6/Factory | Entered Garrison 11852 | -6/Garrison | Triggered checkpoint 11887 | -6/Garrison | Discovered new exit (range 47) 11887 | -6/Garrison | Discovered new exit (range 37) 11887 | -6/Garrison | Discovered new exit (range 78) 11891 | -6/Garrison | Lost 4 parts (3n1w) 11940 | -6/Garrison | Triggered checkpoint 11942 | -6/Garrison | Triggered checkpoint 11947 | -6/Garrison | Core integrity fell below 50% 11991 | -6/Garrison | Core integrity fell below 20% 12019 | -6/Garrison | Lost 5 parts (1p3n1w) 12146 | -6/Garrison | Expanded RIF knowledge: Hotswap 12198 | -6/Garrison | Triggered checkpoint 12587 | -6/Garrison | Destroyed by S-27 Virus with Autogun Last Messages --------------- 12522_ System corrupted: IFF burst signal emitted. 12525_ Y-54 Guardian suffers critical hit (Meltdown). 12525_ Imp. Heat Sink melted. 12525_ Imp. Light Armor Plating melted. 12531_ S-27 Virus destroyed. 12537_ Lgt. Antimatter Reactor destroyed. 12541_ Gravmag System destroyed. 12545_ Carbon-fiber Leg destroyed. 12546_ System corrupted: Component data lost. 12553_ Destroyed VTOL Module. 12557_ Carbon-fiber Leg destroyed. 12560_ Gravmag System destroyed. 12562_ S-27 Virus suffers critical hit (Burn). 12563_ Slammed into S-27 Virus. 12566_ S-27 Virus destroyed. 12571_ Y-54 Guardian suffers critical hit (Burn). 12572_ Adv. Heat Sink destroyed. 12573_ Gravmag System destroyed. 12576_ Mic. Nuclear Core destroyed. 12582_ Dropped Lrg. Storage Unit. Map ----- +----------------------------------------------------+ | #?????????????????# + ##???####### ### | | ###?????????????????# #### ####????#"# + | | ????????????????????# ####+#####???#" + | | ????????????????????# #???#" ######### | | ????????????????????# [%[ #???#" #???????? | | ????????????????????#######"## #???#"# #???????? | | ??????????????????????????# ## #???### ###?????? | | ??????????????????????????# ## ####### " #?????? | | ??????????????????????????# + + ## " ####### | | ??????????????????????????#"## #### ## " ##""""" | | ??????????????????????????# ## #??# ## ####"==!* | | ??????????????????????????# ## ####+## #??## | | ????????????????####??????# ## #??##^## | | ???????????###### ##?????# ## #??# ### | | ???????????#! !! ####### ########/## #??## ### | | ???????????#! + + #??????# ## #???# | | ???????????# !! #### ## #??????# ## #???## | | ???????????#! #?# ## #??????# ## ###### ## | | ???????????#! !! #?# ## #??????# + + ## #? | | ???????????#! !####+## ########+## ### ## #? | | ???????????# !! %^[ *[%%% ## ###+##+#? | | ???????????#] #######!########### #? | | ???????????#] !! #######s#?????????# #? | | ???????????###+## ### !!!#?????????####### #? | | ??????????#### #####?#""""!]#???????????????# < #? | | ??????????# +^^^+ #??#""]@!!#???????????????# #? | | ??????????###" "###??#""]] !#???????????????#####? | | ????????????#" "#????#"""" #????????????????????? | | ????????????#" "#????# #????????????????????? | | ????????????#"""#????########????????????????????? | | ????????????#####????????????????????????????????? | | ?????????????????????????????????????????????????? | | ?????????????????????????????????????????????????? | | ?????????????????????????????????????????????????? | | | | | | | | | | | | | | | | | | | | | | | | | | | | | | | | | +----------------------------------------------------+ Best States ------------- Heat Dissipation 75 Energy Generation 21 Energy Capacity 315 Matter Stores 300 Matter Capacity 300 Sight Range 16 Robot Scan Range 15 Terrain Scan Range 16 Terrain Scan Density 10 Jamming Range 14 Additional Mass Support 9 EM Shielding 2 Armor Coverage 375 Weapon Shielding 66 Weapon Cycling 20 Evasion (%) 63 Recoil Reduction 5 Offensive Hacking 24 Item Schematics ----------------- Hvy. Proton Cannon | -7/Factory | Hacked Hvy. Plasma Cannon | -6/Factory | Scanalyzed Robot Schematics ------------------ None Fabricated ------------ Nothing Repaired ---------- Neutrino Core | 35% | -6/Factory Alien Tech Used ----------------- None Achievements -------------- None Challenges ------------ None Game ------ Seed GuidedDynamicChainsaw Manual? 0 Play Time 01:31:14 Cumulative 219.9 hours Start 2025.08.03 @ 13:36:31 End 2025.08.03 @ 15:19:18 Sessions 1 Manual Loads 0 Difficulty Rogue Special Mode None Game No. 231 Rogue 231 Adventurer 0 Explorer 0 Win Type - Total 3 Types 3/0/0/0/0/0/0/0/0/0 Lore% 73 Gallery% 70 Achievement% 66 Wizard Run 0 Options --------- Layout 0 ASCII 0 Keyboard 1 Movement Vi Keybinds 0 Fullscreen 1 Font 18/X11 Map View 76x50 Zoom Use 0% Tactical HUD 1 Map Filters NONE Filters NONE Steam X RUN: 5d716d55-ce8e-4634-9e36-5c707eea0dab